 Dungeon Crawl Stone Soup version 0.31-a0-542-gdc2a67831c (webtiles) character file.

Game seed: 6738785621722697562

184 AdnanSaban the Covered (level 5, -1/33 HPs)
             Began as a Gargoyle Fighter on Aug 14, 2023.
             Killed by nerve-wracking pain
             ... invoked by Menkaure
              (4 damage)
             ... on level 4 of the Dungeon.
             The game lasted 00:02:12 (2455 turns).

AdnanSaban the Covered (Gargoyle Fighter)           Turns: 2455, Time: 00:02:12

Health: -1/33      AC: 17    Str: 21    XL:     5   Next: 63%
Magic:  5/5        EV:  6    Int:  9    God:
Gold:   123        SH:  4    Dex:  9    Spells: 4/4 levels left

rFire   . . .        a - +0 flail
rCold   . . .        c - +0 buckler
rNeg    + . .        p - +0 plate armour
rPois   ∞            (no helmet)
rElec   +            l - +0 cloak
rCorr   .            (no gloves)
SInv    .            (no boots)
Will    .....        (no amulet) Stlth
                     (no ring)
HPRegen 0.25/turn    (no ring)
MPRegen 0.09/turn

%: no passive effects
@: no status effects
A: sickness immunity, AC +4, negative energy resistance 1, electricity
resistance, torment resistance 1, petrification resistance
a: no special abilities


You were on level 4 of the Dungeon.
You visited 1 branch of the dungeon, and saw 4 of its levels.

You collected 123 gold pieces.

Inventory:

Hand Weapons
 a - a +0 flail (weapon)
Missiles
 n - 5 poisoned darts
Armour
 c - a +0 buckler (worn)
 l - a +0 cloak (worn)
 p - a +0 plate armour (worn)
Jewellery
 i - a ring of protection from cold
 k - an amulet of magic regeneration
Scrolls
 b - a scroll of revelation {unknown}
 f - a scroll of immolation {unknown}
 g - a scroll of poison {unknown}
 j - 2 scrolls of identify {unknown}
 m - a scroll of amnesia {unknown}
 o - a scroll of noise {unknown}
 r - 2 scrolls of vulnerability {unknown}
 s - a scroll of fear {unknown}
Potions
 d - a potion of might
 e - 2 potions of curing {unknown}
 h - a potion of lignification {unknown}
 q - a potion of invisibility {unknown}


   Skills:
 + Level 4.0 Fighting
 + Level 4.0 Maces & Flails
 + Level 4.6 Armour
 + Level 0.5 Dodging
 + Level 3.5 Shields


You had 4 spell levels left.
You didn't know any spells.
Your spell library contained the following spells:

 Spells                   Type           Power      Damage    Failure   Level
 Ensorcelled Hibernation  Hex/Ice        0%         N/A       100%        2
 Gell's Gravitas          Tloc           0%         N/A       100%        3
 Teleport Other           Tloc           0%         N/A       100%        3
 Anguish                  Hex/Necr       0%         N/A       100%        4
 Dispersal                Tloc           0%         N/A       100%        6


Dungeon Overview and Level Annotations

Branches:
Dungeon (4/15)
 Temple: D:4-7

Altars:
Nemelex Xobeh
Yredelemnul

Annotations:
D:4 Menkaure


Innate Abilities, Weirdness & Mutations

You are immune to sickness and miasma.
Your stone body is resilient. (AC +4)
You are immune to poison.
You resist negative energy. (rN+)
You are resistant to electric shocks. (rElec)
You are resistant to unholy torment.
You are immune to petrification.


Message History

No target in view!
No target in view!
No target in view!
No target in view!
No target in view!
No target in view!
No target in view!
No target in view!
No target in view!
You climb downwards.
Level annotation: Menkaure Menkaure casts a spell at you.
Pain shoots through your body!
There is a stone staircase leading up here.
Menkaure hits you!
You hit Menkaure but do no damage. You block Menkaure's attack.
Menkaure hits you!
* * * LOW HITPOINT WARNING * * *
You are too injured to fight recklessly!
You are too injured to fight recklessly!
You sock Menkaure!
Menkaure is moderately damaged.
Menkaure calls on the powers of darkness!
You feel a surge of unholy energy.
You hit Menkaure.
Menkaure is heavily damaged.
Menkaure gestures at you while chanting.
Pain shoots through your body!
* * * LOW HITPOINT WARNING * * *
Menkaure hits you.
* * * LOW HITPOINT WARNING * * *
You barely miss Menkaure.
Menkaure is heavily damaged.
Menkaure barely misses you.
You hit Menkaure.
Menkaure is heavily damaged.
You block Menkaure's attack.
Menkaure gestures at you while chanting.
Pain shoots through your body!
You die...

#........# #.#
#######..# #.#
########..# #.#
..........# #.
.....####.####
.###(####....#
#...)####.#
#...##.#
#<@M.#####+####
#######≈.##....?...
........≈##........
.≈.≈.≈.≈......M....
........≈#....K....
#######≈.##...$....
#....#......).
####.####+#### .#


You could see Menkaure (fast).

Vanquished Creatures
  A howler monkey (D:4)
  2 iguanas (D:4)
  3 adders
  A dart slug (D:3)
  An orc (D:3)
  5 bats
  6 endoplasms
  2 giant cockroaches
  7 goblins
  6 hobgoblins
  2 jackals (D:1)
  6 kobolds
  6 quokkas
  10 ball pythons
  A frilled lizard (D:1)
  2 rats
61 creatures vanquished.

Notes
Turn   | Place    | Note
-------+----------+-------------------------------------------
     0 | D:1      | AdnanSaban the Gargoyle Fighter began the quest for the
                  | Orb.
     0 | D:1      | Reached XP level 1. HP: 14/14 MP: 1/1
     0 | D:1      | Noticed a red draconian
     0 | D:1      | Noticed an iron dragon
     2 | D:1      | Noticed a large abomination
     4 | D:1      | Noticed an orb of fire
     4 | D:1      | Noticed an iron dragon
     6 | D:1      | Noticed a tentacled monstrosity
     7 | D:1      | Noticed a tentacled monstrosity
     9 | D:1      | Noticed an orb of fire
    11 | D:1      | Noticed an ice dragon
    13 | D:1      | Noticed an iron dragon
    15 | D:1      | Noticed an orb of fire
    15 | D:1      | Noticed an ice dragon
    17 | D:1      | Noticed an ice dragon
    17 | D:1      | Noticed a tentacled monstrosity
    17 | D:1      | Noticed a large abomination
    19 | D:1      | Noticed an orb of fire
    19 | D:1      | Noticed an orb of fire
   119 | D:1      | Reached XP level 2. HP: 19/19 MP: 2/2
   224 | D:1      | Found a faded altar of an unknown god.
   401 | D:1      | Reached XP level 3. HP: 23/24 MP: 3/3
  1465 | D:3      | Found a basalt altar of Yredelemnul.
  1484 | D:3      | Reached XP level 4. HP: 29/29 MP: 4/4
  2103 | D:4      | Reached XP level 5. HP: 22/33 MP: 5/5
  2193 | D:4      | Found a sparkling altar of Nemelex Xobeh.
  2401 | D:4      | Noticed Menkaure
  2455 | D:4      | Killed from afar by Menkaure

Illustrated notes

Levels and vault maps discovered:
D:1:      shiori_arrival_whats_in_store_for_you, layout_loops_ring,
          shapermc_ecumenical_altar_flowoftime
D:2:      layout_basic
D:3:      layout_loops_ring, mainiacjoe_overflow_small_starburst,
          minmay_misc_feat_columns
D:4:      layout_basic, nicolae_ru_path_of_blood, nemelex_diamond_rough_becter,
          uniq_menkaure

Skill      XL: |  1  2  3  4  5 |
---------------+----------------+-----
Armour         | 4 |  4.6
Maces & Flails | 3 4 |  4.0
Fighting       | 4 |  4.0
Dodging        | |  0.5
Shields        | |  3.5

Action                     |  1- 3 |  4- 6 || total
---------------------------+-------+-------++-------
  Melee: Flail             |   118 |   110 ||   228
 Armour: Scale mail        |    73 |       ||    73
         Plate armour      |     3 |    75 ||    78
  Dodge: Dodged            |    65 |    32 ||    97
  Block: Buckler           |    22 |    25 ||    47

Table legend: (Time is in decaauts)
 A = Elapsed time spent in this place.
 B = Non-inter-level travel time spent in this place.
 C = Inter-level travel time spent in this place.
 D = Time resting spent in this place.
 E = Time spent auto-exploring this place.
 F = Levels seen in this place.
 G = Mean time per level.
                   A        B        C        D        E       F      G
               +--------+--------+--------+--------+--------+-----+--------+
         Total |   2525 |   2399 |    126 |      0 |   1851 |   4 |  631.2 |
       Dungeon |   2525 |   2399 |    126 |      0 |   1851 |   4 |  631.2 |
               +--------+--------+--------+--------+--------+-----+--------+

Top non-repeatable levels by time:
     D:1: 764 daAuts
     D:2: 687 daAuts
     D:3: 616 daAuts
     D:4: 456 daAuts
